 Dungeon Crawl Stone Soup version 0.27.1-4-g1640c2035a (webtiles) character file.

Game seed: 2666283130821324791

9903 pkoi the Blocker (level 11, -15/95 HPs)
             Began as a Minotaur Fighter on Nov 2, 2021.
             Was a High Priest of Okawaru.
             Killed from afar by a gargoyle (27 damage)
             ... with a stone arrow
             ... on level 8 of the Dungeon.
             The game lasted 00:15:53 (10506 turns).

pkoi the Blocker (Minotaur Fighter)                Turns: 10506, Time: 00:15:54

Health: -15/95     AC: 14    Str: 24    XL:     11   Next: 29%
Magic:  0/14       EV: 12    Int:  5    God:    Okawaru [*****.]
Gold:   898        SH: 20    Dex: 13    Spells: 10/10 levels left

rFire    . . .     SeeInvis .   k - +0 scimitar
rCold    . . .     Faith    .   c - +0 kite shield
rNeg     . . .     Spirit   .   b - +0 scale mail
rPois    .         Reflect  +   (helmet restricted)
rElec    .         Harm     .   g - +0 cloak
rCorr    .         Rampage  .   D - +0 pair of fencer's gloves {Riposte Dex+3}
Will     .....                  v - +0 pair of boots
Stlth    +.........             n - amulet of reflection
HPRegen  0.25/turn              (no ring)
MPRegen  0.14/turn              (no ring)

@: heroic
A: horns 2, retaliatory headbutt
a: Renounce Religion, Heroism, Finesse


You were on level 8 of the Dungeon.
You worshipped Okawaru.
Okawaru was extremely pleased with you.
You visited 2 branches of the dungeon, and saw 9 of its levels.

You collected 898 gold pieces.

Inventory:

Hand Weapons
 a - a +0 long sword
 k - a +0 scimitar (weapon)
 C - the +7 rapier of Dismemberment {freeze, rF+}
   (You found it on level 7 of the Dungeon)

   It freezes those it strikes, dealing additional cold damage.
   It can also slow down cold-blooded creatures.
   rF:        It protects you from fire.
Missiles
 x - 3 throwing nets (quivered)
 G - 2 boomerangs
Armour
 b - a +0 scale mail (worn)
 c - a +0 kite shield (worn)
 g - a +0 cloak (worn)
 v - a +0 pair of boots (worn)
 D - the +0 pair of fencer's gloves (worn) {Riposte Dex+3}
   (You found it on level 7 of the Dungeon)

   It allows the wearer to riposte with any weapon, or to riposte more often
   with a long blade, swiftly retaliating against a missed attack.
   Dex:       It affects your dexterity (+3).
Jewellery
 f - an amulet of the acrobat
 n - an amulet of reflection (around neck)
 r - a +6 ring of intelligence
Wands
 y - a wand of flame (15)
 A - a wand of digging (6)
Scrolls
 i - 4 scrolls of teleportation
 j - 4 scrolls of amnesia
 t - a scroll of fog
 w - a scroll of fear
 z - 3 scrolls of magic mapping
 E - a scroll of identify
Potions
 d - a potion of might
 e - 3 potions of curing
 h - 2 potions of heal wounds
 l - 4 potions of brilliance
 m - a potion of cancellation
 o - 5 potions of haste
 p - a potion of lignification
 q - a potion of invisibility
 s - a potion of flight
 u - a potion of attraction
 B - 3 potions of mutation
 F - a potion of magic {unknown}


   Skills:
 + Level 8.4(13.4) Fighting
 + Level 12.0(17.0) Long Blades
 + Level 8.3(13.3) Armour
 + Level 12.2(17.2) Shields
 + Level 6.0 Invocations


You had 10 spell levels left.
You didn't know any spells.
Your spell library contained the following spells:

 Spells                   Type           Power      Damage    Failure   Level
 Animate Skeleton         Necr           0%         N/A       71%         1
 Magic Dart               Conj           0%         1d3       71%         1
 Pain                     Necr           0%         1d4       71%         1
 Call Imp                 Summ           0%         N/A       83%         2
 Inner Flame              Hex/Fire       0%         N/A       97%         3
 Mephitic Cloud           Conj/Pois/Air  0%         N/A       97%         3
 Vampiric Draining        Necr           0%         2d6       97%         3
 Cause Fear               Hex            0%         N/A       100%        4
 Discord                  Hex            0%         N/A       100%        8


Dungeon Overview and Level Annotations

Branches:
Dungeon (8/15)             Temple (1/1) D:4
   Lair: D:8-11

Altars:
Cheibriados
Dithmenos
Elyvilon
Fedhas
Gozag
Hepliaklqana
Kikubaaqudgha
Makhleb
Nemelex Xobeh
Okawaru
Qazlal
Ru
Sif Muna
Trog
Uskayaw
Vehumet
Wu Jian
Xom
Yredelemnul
Zin
The Shining One

Shops:
D:3 *   D:7 (

Annotations:
D:4 3 runed translucent doors, Djon's ghost, amateur HOMo


Innate Abilities, Weirdness & Mutations

You have a pair of horns on your head.
You reflexively headbutt those who attack you in melee.


Message History

You block the sky beast's attack.
Unknown command.
You barely miss the mana viper.
The mana viper is almost dead.
You block the mana viper's attack. The sky beast closely misses you.
You furiously retaliate!
You headbutt the sky beast, but do no damage.
You riposte.
You miss the sky beast.
Unknown command.
You hit the mana viper but do no damage.
The mana viper is almost dead.
You block the mana viper's attack.
Unknown command.
You slash the sky beast! Your headbutt misses the sky beast.
The sky beast is heavily wounded.
The mana viper bites you!
* * * LOW HITPOINT WARNING * * *
You feel your power leaking away. You block the sky beast's attack.
Unknown command.
You barely miss the mana viper. Your headbutt misses the mana viper.
The mana viper is almost dead.
The mana viper closely misses you.
The sky beast flickers out of sight!
Deactivating autopickup; reactivate with Ctrl-A.
Something hits you but does no damage.
Unknown command.
You slash the mana viper!
You kill the mana viper!
Okawaru is honoured by your kill.
Your base Long Blades skill increases to level 12!
Unknown command.
You miss something. You headbutt something! Something completely misses you.
The gargoyle closely misses you.
You riposte.
You barely miss the gargoyle. You closely miss something.
Your headbutt misses something. Something hits you.
* * * LOW HITPOINT WARNING * * *
Something shocks you.
* * * LOW HITPOINT WARNING * * *
The gargoyle hurls a stone arrow at you.
The stone arrow hits you!!
You die...

#. #. ## ## #. #.♣ ♣.# #.
#.. ..# #. #.. ..# #.
#.)♣o.# #. ♣9♣ #. #####♣@♣
#### ### #. ♣♣...)♣{♣
...♣♣###'####)
#♣....♣.♣.♣...)♣#........
#.....♣♣♣♣♣.....#........
#♣....♣.♣)♣....♣#.....##.
♣♣....♣(♣)...♣ #.....##(
.########)########..))..#.
..........)...)...).).<.#.
#########..........)....#.


You could see a gargoyle and an orc priest.

Vanquished Creatures
  A two-headed ogre (D:6)
  2 cyclopes (D:7)
  A mana viper (shapeshifter) (D:8)
  A gargoyle (D:7)
  2 unseen horrors (D:7)
  A kobold demonologist (D:6)
  2 hornets (D:8)
  2 trolls
  A slime creature (D:7)
  A shadow (D:6)
  A vampire (D:7)
  2 wraiths
  2 yaks
  A vampire mosquito (D:7)
  A steam dragon (D:7)
  A water moccasin (D:7)
  A sky beast (D:7)
  An ice beast (D:7)
  3 black bears
  4 orc warriors
  A necrophage (D:7)
  5 ogres
  6 centaurs
  3 phantoms
  2 kobold brigands (D:8)
  2 gnoll sergeants
  7 bullfrogs
  5 scorpions
  2 wyvern skeletons
  A water moccasin skeleton (D:5)
  5 killer bees
  3 wights
  A howler monkey (D:8)
  3 hounds
  4 jellies
  2 orc priests (D:8)
  A centaur zombie (D:6)
  A gnoll shaman (D:8)
  Jessica (D:2)
  4 bullfrog skeletons
  6 iguanas
  3 orc wizards
  Terence (D:1)
  3 killer bee zombies
  A hound skeleton (D:4)
  2 howler monkey zombies
  13 adders
  10 gnolls
  2 white imps
  An ufetubus (D:6)
  2 adder skeletons
  2 worms (D:2)
  3 dart slugs
  16 orcs
  5 ball pythons
  8 endoplasms
  3 giant cockroaches
  8 goblins
  6 hobgoblins
  A jackal (D:2)
  9 bats
  6 frilled lizards
  6 kobolds
  4 rats
211 creatures vanquished.

Vanquished Creatures (others)
  15 plants (D:8)
15 creatures vanquished.

Grand Total: 226 creatures vanquished

Notes
Turn   | Place    | Note
-------+----------+-------------------------------------------
     0 | D:1      | pkoi the Minotaur Fighter began the quest for the Orb.
     0 | D:1      | Reached XP level 1. HP: 19/19 MP: 0/0
    96 | D:1      | Found a faded altar of an unknown god.
    96 | D:1      | Noticed a soul eater
   176 | D:1      | Reached XP level 2. HP: 26/26 MP: 1/1
   641 | D:1      | Reached XP level 3. HP: 31/31 MP: 2/2
  1002 | D:2      | Noticed Jessica
  1002 | D:2      | Noticed Terence
  1009 | D:2      | Killed Jessica
  1010 | D:2      | Reached XP level 4. HP: 39/39 MP: 3/3
  1016 | D:2      | Reached skill level 5 in Shields
  1039 | D:1      | Killed Terence
  1217 | D:2      | Reached XP level 5. HP: 36/45 MP: 4/4
  1384 | D:2      | Reached skill level 5 in Long Blades
  2276 | D:3      | Noticed a black bear
  2285 | D:3      | Killed a black bear
  2286 | D:3      | Reached XP level 6. HP: 25/51 MP: 5/5
  2672 | D:3      | Found a snail-covered altar of Cheibriados.
  2672 | D:3      | Found a hide-covered altar of Uskayaw.
  2923 | D:3      | Found Taseag's General Store.
  2948 | D:3      | Found a hazy altar of Hepliaklqana.
  3039 | D:4      | Found a staircase to the Ecumenical Temple.
  3044 | Temple   | Entered the Ecumenical Temple
  3140 | Temple   | Became a worshipper of Warmaster Okawaru
  3386 | D:4      | Reached XP level 7. HP: 56/57 MP: 6/6
  3676 | D:4      | Found a runed translucent gate.
  3681 | D:4      | Found a runed translucent gate.
  3681 | D:4      | Found an opulent altar of Gozag.
  3682 | D:4      | Found a runed translucent gate.
  3684 | D:4      | Noticed a hornet
  3684 | D:4      | Noticed Djon's ghost (amateur HOMo)
  4135 | D:5      | Entered Level 5 of the Dungeon
  4689 | D:5      | Found a sacrificial altar of Ru.
  4690 | D:5      | Found a glowing silver altar of Zin.
  4698 | D:5      | Reached * piety under Okawaru
  4699 | D:5      | Found a shadowy altar of Dithmenos.
  4700 | D:5      | Found a glowing golden altar of the Shining One.
  4867 | D:5      | Reached XP level 8. HP: 55/64 MP: 7/7
  5552 | D:6      | Reached ** piety under Okawaru
  5707 | D:7      | Reached skill level 10 in Shields
  6352 | D:7      | Reached skill level 1 in Invocations
  6394 | D:6      | Reached skill level 10 in Long Blades
  6394 | D:6      | Reached XP level 9. HP: 49/71 MP: 8/8
  6396 | D:6      | Noticed a troll
  6430 | D:6      | Killed a troll
  6849 | D:6      | Noticed a kobold demonologist
  6853 | D:6      | Noticed an orange demon
  6867 | D:6      | Killed a kobold demonologist
  6867 | D:6      | Reached *** piety under Okawaru
  6868 | D:6      | Reached skill level 5 in Fighting
  6868 | D:6      | Reached skill level 5 in Armour
  6872 | D:6      | HP: 2/74 [poisoned by an orange demon]
  7242 | D:6      | Noticed a two-headed ogre
  7255 | D:6      | Killed a two-headed ogre
  7678 | D:7      | Found Syngash's Weapon Emporium.
  7803 | D:7      | Found a glowing golden altar of the Shining One.
  7817 | D:7      | Reached XP level 10. HP: 38/83 MP: 8/11
  8378 | D:7      | Received a gift from Okawaru
  8601 | D:7      | Noticed a cyclops
  8617 | D:7      | Killed a cyclops
  8617 | D:7      | Reached **** piety under Okawaru
  9053 | D:7      | Noticed a cyclops
  9061 | D:7      | Killed a cyclops
  9062 | D:7      | Reached skill level 5 in Invocations
  9062 | D:7      | Noticed a gargoyle
  9066 | D:7      | Killed a gargoyle
  9070 | D:7      | Identified the +7 rapier of Dismemberment {freeze, rF+}
  9292 | D:7      | Found the +0 pair of fencer's gloves {Riposte Dex+3}
  9294 | D:7      | Reached ***** piety under Okawaru
  9460 | D:7      | Reached XP level 11. HP: 69/94 MP: 14/14
  9787 | D:8      | Received a gift from Okawaru
 10467 | D:8      | Noticed a mana viper
 10504 | D:8      | Killed a mana viper
 10506 | D:8      | Killed from afar by a gargoyle

Illustrated notes

Levels and vault maps discovered:
D:1:      dpeg_arrival_orchard, layout_loops_ring,
          dreamdust_ecumenical_altar_sealed_demon
D:2:      minmay_spotlight, layout_rooms, item_on_display_a, uniq_terence,
          uniq_jessica
D:3:      layout_basic, mainiacjoe_overflow_catwalk, jmf_multi_god_temple,
          serial_shops, nicolae_shop_stone, chequers_serial_rivers_micro_a
D:4:      layout_basic, minmay_temple_entry_ruins, ebering_ghost_gozag,
          grunt_ministairs_10, st_stairs_10
D:5:      layout_rooms, minitemple, minivault_19,
          minmay_fractal_squares_gapless_5
D:6:      minmay_klotski, layout_basic, item_on_display_a
D:7:      minmay_the_grid_octo_tiled_octocenter
          [minmay_the_grid_octo_vomiting_pacman,
          minmay_the_grid_octo_fat_diamond, minmay_the_grid_octo_horde,
          minmay_the_grid_octo_checkered,
          minmay_the_grid_octo_prize_single_spiral,
          minmay_the_grid_square_5x5_trominoes,
          minmay_the_grid_square_5x5_forky, minmay_the_grid_square_5x5_minimal,
          minmay_the_grid_square_5x5_z], layout_cave_pools, serial_shops,
          nicolae_square_shop
D:8:      nzn_winding_woodlands_stair_cross [nzn_winding_woodlands_5x15_parted,
          nzn_winding_woodlands_center_garden, nzn_winding_woodlands_5x15_cabin,
          nzn_winding_woodlands_hourglass, nzn_winding_woodlands_5x5_open_star,
          nzn_winding_woodlands_5x15_sidewinder,
          nzn_winding_woodlands_center_pierced_h,
          nzn_winding_woodlands_5x15_lazy_stream], layout_gridville
Temple:   nicolae_temple_great_sept

Skill      XL: |  1  2  3  4  5  6  7  8  9 10 11 |
---------------+----------------------------------+-----
Shields        | 4 5 6 7 8 10 11 12 | 12.2
Long Blades    | 3 4 6 8 10 11 12 | 12.0
Fighting       | 4 6 7 8 |  8.4
Invocations    | 1 3 5 6 |  6.0
Armour         | 4 6 7 8 |  8.3

Action                   |  1- 3 |  4- 6 |  7- 9 | 10-12 || total
-------------------------+-------+-------+-------+-------++-------
Melee: Long sword        |    50 |   153 |    20 |       ||   223
       Headbutt          |     6 |    29 |    54 |    73 ||   162
       Scimitar          |       |       |   241 |   291 ||   532
       Rapier            |       |       |       |     8 ||     8
Invok: Heroism           |       |       |     4 |     6 ||    10
  Use: Scroll            |       |     6 |    13 |       ||    19
       Potion            |       |       |     1 |       ||     1
Armor: Scale mail        |    23 |    75 |    59 |    59 ||   216
Dodge: Dodged            |    14 |    52 |    60 |    60 ||   186
Block: Kite shield       |    22 |   112 |   220 |   239 ||   593
       Reflection        |       |       |    10 |     8 ||    18
       Rpst.: Long sword |     3 |    14 |     3 |       ||    20
       Scimitar          |       |       |    12 |    18 ||    30
